 Dungeon Crawl Stone Soup version 0.21.1-1-g345015f (webtiles) character file.

6511 Kiryusha the Thaumaturge (level 10, -2/50 HPs)
             Began as a Deep Elf Fire Elementalist on Feb 28, 2018.
             Was a Priest of Vehumet.
             Slain by a blink frog (8 damage)
             ... on level 1 of the Lair of Beasts.
             The game lasted 00:51:11 (11216 turns).

Kiryusha the Thaumaturge (DEFE)                    Turns: 11216, Time: 00:51:15

Health: -2/50      AC:  6    Str:  5    XL:     10   Next: 69%
Magic:  3/27       EV: 13    Int: 24    God:    Vehumet [***...]
Gold:   249        SH:  0    Dex: 17    Spells: 5/32 levels left

rFire    . . .     SeeInvis .   x - +7 rapier of Woe {speed, *Noise rPois rC+ Dex+2}
rCold    + . .     Gourm    .   (no shield)
rNeg     . . .     Faith    .   a - +0 robe
rPois    +         Spirit   .   (no helmet)
rElec    .         Reflect  .   (no cloak)
rCorr    .         Harm     .   o - +0 pair of gloves
MR       +....                  J - +2 pair of boots
Stlth    ++........             G - amulet of magic regeneration
HPRegen  0.16/turn              (no ring)
MPRegen  0.45/turn              (no ring)

@: lethally poisoned (-2 -> -20)
A: no striking features
a: Renounce Religion


You were on level 1 of the Lair of Beasts.
You worshipped Vehumet.
Vehumet was most pleased with you.
You were hungry.

You visited 2 branches of the dungeon, and saw 11 of its levels.

You collected 529 gold pieces.
You spent 280 gold pieces at shops.

Inventory:

Hand Weapons
 d - a +0 mace
 s - a +3 dagger
 x - the +7 rapier of Woe (weapon) {speed, *Noise rPois rC+ Dex+2}
   (You found it on level 5 of the Dungeon)

   Attacks with this weapon are significantly faster.
   It affects your dexterity (+2).
   It protects you from cold.
   It protects you from poison.
   It may make noises in combat.
Armour
 a - a +0 robe (worn)
 n - a +0 leather armour
 o - a +0 pair of gloves (worn)
 J - a +2 pair of boots (worn)
 L - the +5 scale mail of Leaves {+Blink rPois rCorr Dex-3}
   (You found it on level 8 of the Dungeon)

   It affects your dexterity (-3).
   It protects you from poison.
   It lets you blink.
   It protects you from acid and corrosion.
Jewellery
 G - an amulet of magic regeneration (around neck)
Wands
 j - a wand of digging (25)
 F - a wand of iceblast (4)
 I - a wand of acid (7)
Scrolls
 g - 2 scrolls of immolation {unknown}
 k - 2 scrolls of magic mapping {unknown}
 p - 2 scrolls of blinking {unknown}
 q - 2 scrolls of remove curse
 t - 3 scrolls of enchant weapon {unknown}
 w - 3 scrolls of identify {unknown}
 y - 3 scrolls of teleportation {unknown}
 z - 3 scrolls of fear {unknown}
 A - a scroll of amnesia
 E - 4 scrolls of enchant armour {unknown}
 H - a scroll of random uselessness {unknown}
 M - a scroll of vulnerability {unknown}
Potions
 e - 3 potions of heal wounds
 f - 2 potions of curing {unknown}
 h - a potion of resistance {unknown}
 i - 7 potions of might {unknown}
 m - 3 potions of brilliance {unknown}
 r - 2 potions of haste {unknown}
 u - 2 potions of lignification {unknown}
 v - a potion of ambrosia {unknown}
 B - 2 potions of cancellation {unknown}
 C - a potion of agility {unknown}
Books
 b - a book of Flames

   Spells                             Type                      Level
   a - Flame Tongue                   Conjuration/Fire             1
   b - Throw Flame                    Conjuration/Fire             2
   c - Conjure Flame                  Conjuration/Fire             3
   d - Inner Flame                    Hexes/Fire                   3
   e - Sticky Flame                   Conjuration/Fire             4
   f - Fireball                       Conjuration/Fire             5
 l - a book of Callings

   Spells                             Type                      Level
   a - Summon Small Mammal            Summoning                    1
   b - Call Imp                       Summoning                    2
   c - Call Canine Familiar           Summoning                    3
   d - Summon Guardian Golem          Hexes/Summoning              3
   e - Summon Lightning Spire         Summoning/Air                4
   f - Summon Ice Beast               Ice/Summoning                4
 D - a book of Minor Magic

   Spells                             Type                      Level
   a - Magic Dart                     Conjuration                  1
   b - Blink                          Translocation                2
   c - Call Imp                       Summoning                    2
   d - Slow                           Hexes                        2
   e - Conjure Flame                  Conjuration/Fire             3
   f - Mephitic Cloud                 Conjuration/Poison/Air       3
Comestibles
 c - 13 rations
 K - 4 chunks of flesh


   Skills:
 - Level 2.4 Dodging
 - Level 2.4 Stealth
 + Level 11.9 Spellcasting
 + Level 8.8 Conjurations
 + Level 2.7 Summonings
 * Level 11.6 Fire Magic
 - Level 0.2 Ice Magic
 * Level 2.1 Evocations


You had 5 spell levels left.
You knew the following spells:

 Your Spells              Type           Power        Failure   Level  Hunger
a - Flame Tongue          Conj/Fire      #####        1%          1    None
b - Throw Flame           Conj/Fire      ######       1%          2    None
c - Conjure Flame         Conj/Fire      ######..     1%          3    None
d - Sticky Flame          Conj/Fire      ######..     1%          4    None
e - Fireball              Conj/Fire      ######....   1%          5    ###....
f - Summon Ice Beast      Ice/Summ       ###.....     22%         4    None
g - Blink                 Tloc           N/A          6%          2    None
h - Mephitic Cloud        Conj/Pois/Air  ####....     1%          3    None
i - Ignite Poison         Fire/Tmut/Pois ####....     1%          3    None


Dungeon Overview and Level Annotations

Branches:
Dungeon (9/15)             Temple (0/1) D:5            Lair (2/6) D:9
  Swamp: Lair:2-4    Shoals: Lair:2-4     Snake: Lair:2-4    Spider: Lair:2-4
    Orc: D:9-12

Altars:
Cheibriados
Elyvilon
Okawaru
Ru
Vehumet
Wu Jian
Yredelemnul

Shops:
D:7 :


Message History

Casting: Fireball
Confirm with . or Enter, or press ? or * to list all spells.
Aiming: Throw Flame
Press: ? - help, Shift-Dir - straight line, f - spiny frog
Aim: a spiny frog The puff of flame hits the spiny frog.
The spiny frog is moderately wounded.
The spiny frog closely misses you.
Casting: Throw Flame
Confirm with . or Enter, or press ? or * to list all spells.
Aiming: Throw Flame
Press: ? - help, Shift-Dir - straight line, f - blink frog, p - spiny frog
Aim: a blink frog (severely wounded)
The puff of flame hits the blink frog.
The blink frog is almost dead.
The spiny frog stings you!!
* * * LOW HITPOINT WARNING * * *
You are lethally poisoned!
The spiny frog poisons you! The blink frog hits you!
You die...

##....## ..#
##....## ##.#
#....## ##
#.....## .#
##.....## .#
###....###)#
##......#
#.#F...##
####@...##.
####..F....#
#.#..........
####.....#......
#.#....#####....
### ##...###
###. ..##
###..#.#
...####....###
##.##......#


You could see a spiny frog and a blink frog.

Vanquished Creatures
  A two-headed ogre (D:8)
  The ghost of Xelenos the Martial Artist, a novice TeMo of Okawaru (D:7)
  2 blink frogs (Lair:1)
  Grinder (D:6)
  Prince Ribbit (D:5)
  2 hippogriffs
  3 yaks (Lair:1)
  The ghost of troglodite the Shield-Bearer, an amateur MiFi of Gozag (D:4)
  A human (D:8)
  A porcupine (Lair:1)
  2 sky beasts
  An ice beast (D:6)
  A black bear (D:9)
  A phantom (D:7)
  4 wolves (Lair:1)
  3 ogres
  4 centaurs
  2 big kobolds
  4 bullfrogs
  A scorpion (D:6)
  6 killer bees (D:8)
  3 wights (D:9)
  3 howler monkeys
  An electric eel (D:6)
  A crimson imp (D:8)
  A bullfrog zombie (D:6)
  4 orc priests (D:6)
  A centaur skeleton (D:8)
  6 hounds
  5 jellies
  4 bullfrog skeletons
  7 orc wizards
  2 iguanas
  4 worker ants
  A hound skeleton (D:8)
  2 worker ant zombies
  13 adders
  3 gnolls (D:2)
  2 shadow imps
  2 oozes
  An adder skeleton (D:8)
  3 worms (D:2)
  3 dart slugs
  5 leopard geckos
  19 orcs
  7 bats
  8 giant cockroaches
  6 goblins
  4 hobgoblins
  10 jackals
  5 quokkas
  A frilled lizard (D:2)
  A jackal zombie (D:6)
  11 kobolds
  A leopard gecko skeleton (D:7)
  2 leopard gecko zombies
  8 rats
  A plant (D:6)
204 creatures vanquished.

Vanquished Creatures (collateral kills)
  A crimson imp (D:7)
1 creature vanquished.

Vanquished Creatures (others)
  A fungus (Lair:1)
1 creature vanquished.

Grand Total: 206 creatures vanquished

Notes
Turn   | Place    | Note
-------+----------+-------------------------------------------
     0 | D:1      | Kiryusha the Deep Elf Fire Elementalist began the quest for the Orb.
     0 | D:1      | Reached XP level 1. HP: 10/10 MP: 6/6
   256 | D:1      | Reached XP level 2. HP: 7/15 MP: 4/8
  1073 | D:2      | Reached XP level 3. HP: 19/19 MP: 6/10
  1295 | D:2      | You fall through a shaft!
  1458 | D:2      | Reached XP level 4. HP: 24/24 MP: 2/12
  1532 | D:2      | Learned a level 2 spell: Throw Flame
  1536 | D:2      | Learned a level 3 spell: Conjure Flame
  1541 | D:2      | Learned a level 4 spell: Sticky Flame
  2441 | D:3      | Reached skill level 5 in Spellcasting
  2441 | D:3      | Reached XP level 5. HP: 28/28 MP: 6/14
  2578 | D:4      | Noticed troglodite's ghost (amateur MiFi)
  2823 | D:3      | Reached skill level 5 in Fire Magic
  2971 | D:3      | Found a sacrificial altar of Ru.
  3330 | D:3      | Found a radiant altar of Vehumet.
  3339 | D:3      | Became a worshipper of Vehumet
  3539 | D:4      | Killed troglodite's ghost
  3539 | D:4      | Reached XP level 6. HP: 12/32 MP: 4/17
  3546 | D:4      | Learned a level 5 spell: Fireball
  4536 | D:5      | Entered Level 5 of the Dungeon
  4556 | D:5      | Reached XP level 7. HP: 28/36 MP: 15/19
  4716 | D:5      | Got an iridescent rapier
  4717 | D:5      | Identified the +7 rapier of Woe {speed, *Noise rPois rC+ Dex+2} (You found it on level 5 of the Dungeon)
  5309 | D:5      | Noticed Prince Ribbit
  5320 | D:5      | Killed Prince Ribbit
  5425 | D:5      | Found an iron altar of Okawaru.
  5499 | D:5      | Found a staircase to the Ecumenical Temple.
  5538 | D:5      | Found a sacrificial altar of Ru.
  5538 | D:5      | Found an ornate altar of the Wu Jian Council.
  5888 | D:5      | Reached skill level 5 in Conjurations
  5888 | D:5      | Reached XP level 8. HP: 19/41 MP: 18/22
  6725 | D:6      | Reached * piety under Vehumet
  6725 | D:6      | Offered knowledge of Sting by Vehumet.
  6880 | D:6      | Learned a level 4 spell: Summon Ice Beast
  6956 | D:6      | Reached skill level 1 in Summonings
  7365 | D:6      | Noticed Grinder
  7388 | D:6      | Killed Grinder
  7400 | D:6      | Reached XP level 9. HP: 21/45 MP: 8/24
  7727 | D:7      | Found Xounuoz's Book Shoppe.
  7730 | D:7      | Bought a book of Minor Magic for 280 gold pieces
  7733 | D:7      | Learned a level 2 spell: Blink
  7907 | D:7      | Noticed Xelenos's ghost (novice TeMo)
  8419 | D:7      | Killed Xelenos's ghost
  8419 | D:7      | Reached skill level 10 in Spellcasting
  8691 | D:7      | Offered knowledge of Searing Ray by Vehumet.
  8821 | D:7      | Reached ** piety under Vehumet
  9063 | D:8      | Reached skill level 10 in Fire Magic
  9128 | D:8      | Noticed a two-headed ogre
  9132 | D:8      | Killed a two-headed ogre
  9132 | D:8      | Reached XP level 10. HP: 31/50 MP: 6/27
  9611 | D:8      | Learned a level 3 spell: Mephitic Cloud
  9633 | D:8      | Found a basalt altar of Yredelemnul.
  9711 | D:8      | Found a white marble altar of Elyvilon.
  9855 | D:8      | Got a transparent scale mail
  9866 | D:8      | Identified the +5 scale mail of Leaves {+Blink rPois rCorr Dex-3} (You found it on level 8 of the Dungeon)
 10392 | D:9      | Offered knowledge of Ignite Poison by Vehumet.
 10401 | D:9      | Learned a level 3 spell: Ignite Poison
 10474 | D:9      | Found a staircase to the Lair.
 10567 | D:9      | Found a snail-covered altar of Cheibriados.
 11051 | Lair:1   | Entered Level 1 of the Lair of Beasts
 11063 | Lair:1   | Reached skill level 1 in Evocations
 11195 | Lair:1   | Noticed a spiny frog
 11199 | Lair:1   | Reached *** piety under Vehumet
 11216 | Lair:1   | Slain by a blink frog

Skill      XL: |  1  2  3  4  5  6  7  8  9 10 |
---------------+-------------------------------+-----
Fire Magic     | 4 5 6 8 10 11 | 11.6
Spellcasting   | 4 5 6 8 9 11 | 11.9
Conjurations   | 2 3 5 6 7 8 |  8.8
Summonings     | 2 |  2.7
Evocations     | 2 |  2.1
Dodging        | |  2.4
Stealth        | |  2.4
Ice Magic      | |  0.2

Action                   |  1- 3 |  4- 6 |  7- 9 | 10-12 || total
-------------------------+-------+-------+-------+-------++-------
Melee: Mace              |     1 |     1 |       |       ||     2
       Unarmed           |     1 |       |       |       ||     1
       Rapier            |       |       |    12 |     7 ||    19
 Cast: Flame Tongue      |    60 |   114 |   164 |    10 ||   348
       Throw Flame       |       |    15 |    17 |    25 ||    57
       Conjure Flame     |       |     4 |     7 |       ||    11
       Fireball          |       |       |    31 |    39 ||    70
       Summon Ice Beast  |       |       |     4 |     1 ||     5
       Mephitic Cloud    |       |       |       |     1 ||     1
       Blink             |       |       |       |     1 ||     1
       Ignite Poison     |       |       |       |     1 ||     1
  Use: Scroll            |       |     3 |       |       ||     3
       Potion            |       |       |     1 |     1 ||     2
  Eat: Chunk             |     1 |    10 |    15 |     8 ||    34
       Ration            |       |       |     1 |     1 ||     2
Armor: Robe              |     2 |     4 |     9 |     3 ||    18
Dodge: Dodged            |    18 |    21 |    47 |    12 ||    98
